 Dungeon Crawl Stone Soup version 0.31-a0-1576-ga3383bade6 (webtiles) character file.

Game seed: 8727064153038536480

101 yokelz the Ruffian (level 4, -2/30 (34) HPs)
             Began as a Gnoll Shapeshifter on Jan 4, 2024.
             Slain by an orc
             ... wielding a +2 flail of draining
              (7 damage)
             ... on level 3 of the Dungeon.
             The game lasted 00:03:34 (1991 turns).

yokelz the Ruffian (Gnoll Shapeshifter)             Turns: 1991, Time: 00:03:35

HP:   -2/30 (34)    AC:  3    Str: 14    XL:     4   Next: 75%
MP:   5/5           EV: 13    Int: 11    God:
Gold: 28            SH:  0    Dex: 11    Spells: 4/5 levels left

rFire   . .          .
                       - Unarmed
rCold   . . .        (no shield)
rNeg    . . .        s - +0 leather armour
rPois   .            (helmet currently unavailable)
rElec   .            (cloak currently unavailable)
rCorr   .            (gloves currently unavailable)
SInv    .            (boots currently unavailable)
Will    .....        (no amulet)
Stlth   +            (no ring)
HPRegen 0.25/turn    (no ring)
MPRegen 0.09/turn

%: no passive effects
@: beast-form, heavily drained
A: beast (slay +3), fangs 1, strong nose, distributed training
a: Begin Untransformation


You were on level 3 of the Dungeon.
You were a hulking beast.
You visited 1 branch of the dungeon, and saw 3 of its levels.

You collected 160 gold pieces.
You spent 132 gold pieces at shops.

Inventory:

Armour
 a - a +0 animal skin
 s - a +0 leather armour (worn)
Jewellery
 r - a ring of ice
Talismans
 c - a beast talisman
 d - a flux talisman
Scrolls
 f - 2 scrolls of revelation
 g - a scroll of teleportation {unknown}
 i - a scroll of noise
 j - a scroll of enchant weapon
 m - a scroll of amnesia {unknown}
 n - a scroll of poison {unknown}
 p - a scroll of blinking {unknown}
 q - a scroll of acquirement {unknown}
Potions
 b - a potion of lignification
 e - 2 potions of curing {unknown}
 h - a potion of enlightenment {unknown}
 k - 2 potions of mutation {unknown}
 l - a potion of heal wounds {unknown}
 o - a potion of invisibility {unknown}


   Skills:
 + Level 2.8 Fighting
 + Level 1.2 Short Blades
 + Level 1.2 Long Blades
 + Level 1.2 Axes
 + Level 1.2 Maces & Flails
 + Level 1.2 Polearms
 + Level 1.2 Staves
 + Level 1.2 Ranged Weapons
 + Level 1.2 Throwing
 + Level 1.2 Armour
 + Level 4.7 Dodging
 + Level 1.2 Stealth
 + Level 1.2 Shields
 + Level 6.6 Unarmed Combat
 + Level 1.2 Spellcasting
 + Level 1.0 Conjurations
 + Level 1.0 Hexes
 + Level 1.0 Summonings
 + Level 1.0 Necromancy
 + Level 1.0 Translocations
 + Level 1.0 Fire Magic
 + Level 1.0 Ice Magic
 + Level 1.0 Air Magic
 + Level 1.0 Earth Magic
 + Level 1.0 Alchemy
 + Level 1.4 Invocations
 + Level 1.2 Evocations
 + Level 6.6 Shapeshifting


You had 4 spell levels left.
You knew the following spells:

 Your Spells              Type           Power      Damage    Failure   Level
a - Summon Small Mammal   Summ           12%        N/A       26%         1

Your spell library contained the following spells:

 Spells                   Type           Power      Damage    Failure   Level
 Call Canine Familiar     Summ           3%         N/A       58%         3
 Fugue of the Fallen      Necr           3%         N/A       58%         3
 Ozocubu's Armour         Ice            3%         N/A       58%         3
 Manifold Assault         Tloc           3%         N/A       94%         4
 Summon Blazeheart Golem  Fire/Summ      3%         N/A       94%         4


Dungeon Overview and Level Annotations

Branches:
Dungeon (3/15)

Altars:
Sif Muna
Yredelemnul

Shops:
D:1 [


Innate Abilities, Weirdness & Mutations

You are a hulking beast.
Your limbs bulge with bestial killing power. (Slay +3)
You have very sharp teeth.
Your uncanny sense of smell can sniff out nearby items.
Your experience applies equally to all skills.


Message History

No target in view!
No target in view!
No target in view!
No target in view!
No target in view!
No target in view!
A frilled lizard comes into view.
You see here a hobgoblin corpse.
The orc shouts!
A bat comes into view.
The frilled lizard bites you.
The orc hits you with a +2 flail of draining.
You feel drained.
You hit the orc. You bite the orc.
The orc is heavily wounded.
The bat hits you but does no damage.
The frilled lizard completely misses you.
The orc hits you with a +2 flail of draining.
You feel drained.
You barely miss the orc.
The orc is heavily wounded.
The bat hits you but does no damage. The frilled lizard closely misses you.
The orc hits you but does no damage.
You feel drained.
You closely miss the orc.
The orc is heavily wounded.
The bat hits you.
The orc hits you with a +2 flail of draining!
You feel drained.
* * * LOW HITPOINT WARNING * * *
The frilled lizard bites you.
* * * LOW HITPOINT WARNING * * *
You hit the orc but do no damage. Your bite misses the orc.
The orc is moderately wounded.
The bat closely misses you.
You hit the orc.
The orc is almost dead.
The bat hits you but does no damage.
The frilled lizard bites you but does no damage.
The orc hits you with a +2 flail of draining!
You die...

#..............#....
#..............#.###
#..............#.#
#..............#.###
#..............#....
#..............#####
#....†....####.####.
##...####..[........
#.h.# #.####......


#bol# #.# #...... .....# #.# #...... #....## #.# #...... #..... #.# #......
...... ..# #.....# ##..... .## ##....# +...... ......# ######.. You could see an
orc, a bat and a frilled lizard.

Vanquished Creatures
  3 gnolls (D:2)
  2 adders (D:3)
  A dart slug (D:2)
  An orc (D:3)
  5 bats
  4 endoplasms
  5 giant cockroaches
  3 goblins
  7 hobgoblins
  A kobold (D:2)
  2 quokkas (D:3)
  7 ball pythons
  4 frilled lizards (D:2)
  2 rats
47 creatures vanquished.

Notes
Turn   | Place    | Note
-------+----------+-------------------------------------------
     0 | D:1      | yokelz the Gnoll Shapeshifter began the quest for the Orb.
     0 | D:1      | Reached XP level 1. HP: 17/17 MP: 1/1
   106 | D:1      | Reached XP level 2. HP: 17/23 MP: 2/2
   430 | D:1      | Found Irrolis's Armour Boutique.
   735 | D:2      | Reached XP level 3. HP: 28/28 MP: 3/3
   804 | D:2      | Learned a level 1 spell: Summon Small Mammal
   979 | D:2      | Reached skill level 1 in Invocations
  1125 | D:2      | Reached skill level 1 in Short Blades
  1125 | D:2      | Reached skill level 1 in Long Blades
  1125 | D:2      | Reached skill level 1 in Axes
  1125 | D:2      | Reached skill level 1 in Maces & Flails
  1125 | D:2      | Reached skill level 1 in Polearms
  1125 | D:2      | Reached skill level 1 in Staves
  1125 | D:2      | Reached skill level 1 in Ranged Weapons
  1125 | D:2      | Reached skill level 1 in Throwing
  1125 | D:2      | Reached skill level 1 in Armour
  1125 | D:2      | Reached skill level 1 in Stealth
  1125 | D:2      | Reached skill level 1 in Shields
  1125 | D:2      | Reached skill level 1 in Spellcasting
  1125 | D:2      | Reached skill level 1 in Evocations
  1371 | D:2      | Reached XP level 4. HP: 34/34 MP: 5/5
  1691 | D:1      | Bought a +0 hat of stealth for 132 gold pieces
  1816 | D:3      | Found a basalt altar of Yredelemnul.
  1823 | D:3      | Reached skill level 1 in Conjurations
  1823 | D:3      | Reached skill level 1 in Hexes
  1823 | D:3      | Reached skill level 1 in Summonings
  1823 | D:3      | Reached skill level 1 in Necromancy
  1823 | D:3      | Reached skill level 1 in Translocations
  1823 | D:3      | Reached skill level 1 in Fire Magic
  1823 | D:3      | Reached skill level 1 in Ice Magic
  1823 | D:3      | Reached skill level 1 in Air Magic
  1823 | D:3      | Reached skill level 1 in Earth Magic
  1823 | D:3      | Reached skill level 1 in Alchemy
  1829 | D:3      | Found a shimmering blue altar of Sif Muna.
  1991 | D:3      | Slain by an orc

Illustrated notes

Levels and vault maps discovered:
D:1:      spicycebolla_arrival_xxxplode, layout_loops_ring, serial_shops,
          nicolae_shop_scrapyard
D:2:      layout_loops_ring
D:3:      layout_basic, grunt_temple_overflow_lords_of_destruction,
          jmf_multi_god_temple2, serial_bayou_pond_c, minmay_vboxes

Skill      XL: |  1  2  3  4 |
---------------+-------------+-----
Invocations    | 1 |  1.4
Short Blades   | 1 |  1.2
Long Blades    | 1 |  1.2
Axes           | 1 |  1.2
Maces & Flails | 1 |  1.2
Polearms       | 1 |  1.2
Staves         | 1 |  1.2
Ranged Weapons | 1 |  1.2
Throwing       | 1 |  1.2
Armour         | 1 |  1.2
Stealth        | 1 |  1.2
Shields        | 1 |  1.2
Spellcasting   | 1 |  1.2
Evocations     | 1 |  1.2
Conjurations   | 1 |  1.0
Hexes          | 1 |  1.0
Summonings     | 1 |  1.0
Necromancy     | 1 |  1.0
Translocations | 1 |  1.0
Fire Magic     | 1 |  1.0
Ice Magic      | 1 |  1.0
Air Magic      | 1 |  1.0
Earth Magic    | 1 |  1.0
Alchemy        | 1 |  1.0
Fighting       | |  2.8
Dodging        | |  4.7
Unarmed Combat | |  6.6
Shapeshifting  | |  6.6

Action                     |  1- 3 |  4- 6 || total
---------------------------+-------+-------++-------
  Melee: Unarmed           |    61 |    34 ||    95
         Bite              |     5 |     5 ||    10
         Punch             |     3 |       ||     3
   Cast: Summon Small Mamm |     1 |       ||     1
    Use: Scroll            |       |     3 ||     3
   Stab: Sleeping          |     2 |       ||     2
 Armour: Animal skin       |    24 |    11 ||    35
         Leather armour    |       |    12 ||    12
  Dodge: Dodged            |    42 |    27 ||    69

Table legend: (Time is in decaauts)
 A = Elapsed time spent in this place.
 B = Non-inter-level travel time spent in this place.
 C = Inter-level travel time spent in this place.
 D = Time resting spent in this place.
 E = Time spent auto-exploring this place.
 F = Levels seen in this place.
 G = Mean time per level.
                   A        B        C        D        E       F      G
               +--------+--------+--------+--------+--------+-----+--------+
         Total |   1981 |   1859 |    122 |    174 |   1309 |   3 |  660.3 |
       Dungeon |   1981 |   1859 |    122 |    174 |   1309 |   3 |  660.3 |
               +--------+--------+--------+--------+--------+-----+--------+

Top non-repeatable levels by time:
     D:2: 886 daAuts
     D:1: 845 daAuts
     D:3: 249 daAuts
